| TOP OF THE 1ST |
|
Durham Bulls batting - Pitching for Norfolk Tides : LHP Kyohei Koyama
|
|
Pitching: LHP Kyohei Koyama
|
|
|
Batting: SHB Soudai Abe
|
0-0: Called Strike 0-1: Ball 1-1: Ground out 1-3 (Groundball, 13S, EV 69.4 MPH)
|
|
Batting: SHB Ben Pierce
|
0-0: Ball 1-0: Foul Ball, location: 2F 1-1: Ball 2-1: Ball 3-1: Called Strike 3-2: Strikes out swinging
|
|
Batting: RHB Justin Stone
|
0-0: Ball 1-0: Ball 2-0: Called Strike 2-1: Foul Ball, location: 2F 2-2: Strikes out swinging
|
| Top of the 1st over - 0 runs, 0 hits, 0 errors, 0 left on base; Durham 0 - Norfolk 0 |
| BOTTOM OF THE 1ST |
|
Norfolk Tides batting - Pitching for Durham Bulls : RHP Carlos Palacios
|
|
Pitching: RHP Carlos Palacios
|
|
|
Batting: LHB Tom Edwards
|
0-0: Ball 1-0: Swinging Strike 1-1: SINGLE (Line Drive, 4D, EV 95.0 MPH)
|
|
Batting: RHB Geoffrey van der Wekken
|
0-0: Called Strike Tom Edwards steals 2nd base 0-1: Ball 1-1: Ball 2-1: Ball 3-1: Base on Balls
|
|
Batting: RHB Mike Hayward
|
0-0: Ball 1-0: Ball 2-0: Swinging Strike 2-1: Ball 3-1: Swinging Strike 3-2: Strikes out swinging
|
|
Batting: LHB Josh Downs
|
0-0: Called Strike 0-1: Grounds into double play, 6-4-3 (Groundball, 6MS, EV 81.9 MPH)
|
| Bottom of the 1st over - 0 runs, 1 hit, 0 errors, 1 left on base; Durham 0 - Norfolk 0 |
| TOP OF THE 2ND |
|
Durham Bulls batting - Pitching for Norfolk Tides : LHP Kyohei Koyama
|
|
Batting: RHB Kevin Kush
|
0-0: Called Strike 0-1: Called Strike 0-2: Strikes out swinging
|
|
Batting: RHB Shinji Aizawa
|
0-0: Swinging Strike 0-1: Swinging Strike 0-2: Reached on error, E5 (Groundball, 56S, EV 83.8 MPH)
|
|
Batting: LHB Brian Hollinger
|
0-0: Called Strike 0-1: Ball 1-1: Fly out, F8 (Flyball, 8RD, EV 95.6 MPH)
|
|
Batting: LHB Danny Hull
|
0-0: Ball 1-0: Ball 2-0: Called Strike 2-1: Ball 3-1: Base on Balls
|
|
Batting: LHB Jeremy Burton
|
0-0: Ball 1-0: Called Strike 1-1: Fly out, F7 (Flyball, 7LM, EV 95.0 MPH)
|
| Top of the 2nd over - 0 runs, 0 hits, 1 error, 2 left on base; Durham 0 - Norfolk 0 |
| BOTTOM OF THE 2ND |
|
Norfolk Tides batting - Pitching for Durham Bulls : RHP Carlos Palacios
|
|
Batting: RHB Tony Logan
|
0-0: TRIPLE (Line Drive, 8LXD, EV 112.5 MPH)
|
|
Batting: RHB Mario Saez
|
0-0: SINGLE (Line Drive, 7LM, EV 102.5 MPH) Tony Logan scores
|
|
Batting: SHB Brian Bentz
|
0-0: Ball 1-0: Foul Ball, location: 2F 1-1: Foul Ball, location: 2F 1-2: Ball 2-2: Fly out, F5 (Popup, 56, EV 79.4 MPH)
|
|
Batting: RHB Sal Espinosa
|
0-0: Called Strike 0-1: Swinging Strike 0-2: Ball 1-2: Foul Ball, location: 2F 1-2: Strikes out swinging
|
|
Batting: RHB Carlos Talavera
|
0-0: Ball 1-0: DOUBLE (Flyball, 78D, EV 89.4 MPH) Mario Saez to third Runner from 3rd tries for Home, SAFE, no throw by CF
|
|
Batting: LHB Tom Edwards
|
0-0: Ball 1-0: Called Strike 1-1: Swinging Strike 1-2: Ball 2-2: Ball 3-2: Strikes out swinging
|
| Bottom of the 2nd over - 2 runs, 3 hits, 0 errors, 1 left on base; Durham 0 - Norfolk 2 |
| TOP OF THE 3RD |
|
Durham Bulls batting - Pitching for Norfolk Tides : LHP Kyohei Koyama
|
|
Batting: RHB Dusty Camelli
|
0-0: Called Strike 0-1: Fly out, F7 (Flyball, 7, EV 83.1 MPH)
|
|
Batting: SHB Soudai Abe
|
0-0: Called Strike 0-1: Foul Ball, location: 2F 0-2: Strikes out swinging
|
|
Batting: SHB Ben Pierce
|
0-0: Called Strike 0-1: Ground out 6-3 (Groundball, 6, EV 80.6 MPH)
|
| Top of the 3rd over - 0 runs, 0 hits, 0 errors, 0 left on base; Durham 0 - Norfolk 2 |
| BOTTOM OF THE 3RD |
|
Norfolk Tides batting - Pitching for Durham Bulls : RHP Carlos Palacios
|
|
Batting: RHB Geoffrey van der Wekken
|
0-0: Ball 1-0: Ball 2-0: Ball 3-0: Foul Ball, location: 2F 3-1: Base on Balls
|
|
Batting: RHB Mike Hayward
|
0-0: Called Strike 0-1: 2-RUN HOME RUN (Flyball, 89XD, EV 105.6 MPH), Distance : 411 ft
|
|
Batting: LHB Josh Downs
|
0-0: Ball 1-0: Called Strike 1-1: Swinging Strike 1-2: Strikes out swinging
|
|
Batting: RHB Tony Logan
|
0-0: Ball 1-0: Ball 2-0: Swinging Strike 2-1: Ball 3-1: Ground out 6-3 (Groundball, 56, EV 102.5 MPH)
|
|
Batting: RHB Mario Saez
|
0-0: Ball 1-0: Ball 2-0: Called Strike 2-1: Foul Ball, location: 2F 2-2: Ball 3-2: Ground out 5-3 (Groundball, 56S, EV 62.5 MPH)
|
| Bottom of the 3rd over - 2 runs, 1 hit, 0 errors, 0 left on base; Durham 0 - Norfolk 4 |
| TOP OF THE 4TH |
|
Durham Bulls batting - Pitching for Norfolk Tides : LHP Kyohei Koyama
|
|
Batting: RHB Justin Stone
|
0-0: Swinging Strike 0-1: Ground out 3-1 (Groundball, 34, EV 90.0 MPH)
|
|
Batting: RHB Kevin Kush
|
0-0: Ground out 4-3 (Groundball, 4, EV 90.6 MPH)
|
|
Batting: RHB Shinji Aizawa
|
0-0: Called Strike 0-1: Swinging Strike 0-2: Strikes out swinging, 2-3 out at first.
|
| Top of the 4th over - 0 runs, 0 hits, 0 errors, 0 left on base; Durham 0 - Norfolk 4 |
| BOTTOM OF THE 4TH |
|
Norfolk Tides batting - Pitching for Durham Bulls : RHP Carlos Palacios
|
|
Batting: SHB Brian Bentz
|
0-0: Called Strike 0-1: Ball 1-1: Ball 2-1: Foul Ball, location: 2F 2-2: Strikes out swinging
|
|
Batting: RHB Sal Espinosa
|
0-0: Swinging Strike 0-1: Swinging Strike 0-2: Ball 1-2: Ball 2-2: Foul Ball, location: 2F 2-2: Foul Ball, location: 2F 2-2: Fly out, F9 (Flyball, 89M, EV 90.6 MPH)
|
|
Batting: RHB Carlos Talavera
|
0-0: Ball 1-0: DOUBLE (Groundball, 5L, EV 106.9 MPH)
|
|
Batting: LHB Tom Edwards
|
0-0: Ball 1-0: Ball 2-0: Foul Ball, location: 2F 2-1: DOUBLE (Line Drive, 7LS, EV 96.2 MPH) Carlos Talavera scores
|
|
Pitching: RHP Don Henley
|
|
|
Batting: RHB Geoffrey van der Wekken
|
0-0: Ball 1-0: Fly out, F8 (Flyball, 8RD, EV 86.9 MPH)
|
| Bottom of the 4th over - 1 run, 2 hits, 0 errors, 1 left on base; Durham 0 - Norfolk 5 |
| TOP OF THE 5TH |
|
Durham Bulls batting - Pitching for Norfolk Tides : LHP Kyohei Koyama
|
|
Batting: LHB Brian Hollinger
|
0-0: Ground out U3 (Groundball, 3L, EV 76.9 MPH)
|
|
Batting: LHB Danny Hull
|
0-0: Called Strike 0-1: Ground out 4-3 (Groundball, 4, EV 93.1 MPH)
|
|
Batting: LHB Jeremy Burton
|
0-0: Ball 1-0: Ball 2-0: Ball 3-0: Called Strike 3-1: Foul Ball, location: 2F 3-2: Ground out 4-3 (Groundball, 34, EV 100.6 MPH)
|
| Top of the 5th over - 0 runs, 0 hits, 0 errors, 0 left on base; Durham 0 - Norfolk 5 |
| BOTTOM OF THE 5TH |
|
Norfolk Tides batting - Pitching for Durham Bulls : RHP Don Henley
|
|
Batting: RHB Mike Hayward
|
0-0: Called Strike 0-1: Ball 1-1: Ball 2-1: Foul Ball, location: 2F 2-2: Strikes out swinging
|
|
Batting: LHB Josh Downs
|
0-0: Ground out 5-3 (Groundball, 5, EV 86.2 MPH)
|
|
Batting: RHB Tony Logan
|
0-0: Called Strike 0-1: Foul Ball, location: 2F 0-2: Ground out 6-3 (Groundball, 56, EV 77.5 MPH)
|
| Bottom of the 5th over - 0 runs, 0 hits, 0 errors, 0 left on base; Durham 0 - Norfolk 5 |
| TOP OF THE 6TH |
|
Durham Bulls batting - Pitching for Norfolk Tides : LHP Kyohei Koyama
|
|
Batting: RHB Dusty Camelli
|
0-0: Fly out, F9 (Flyball, 89M, EV 85.6 MPH)
|
|
Batting: SHB Soudai Abe
|
0-0: Ball 1-0: Called Strike 1-1: Foul Ball, location: 2F 1-2: Foul Ball, location: 2F 1-2: Strikes out swinging
|
|
Batting: SHB Ben Pierce
|
0-0: SOLO HOME RUN (Flyball, 7LD, EV 98.1 MPH), Distance : 360 ft
|
|
Batting: RHB Justin Stone
|
0-0: Called Strike 0-1: Ball 1-1: Called Strike 1-2: Ball 2-2: Strikes out looking
|
| Top of the 6th over - 1 run, 1 hit, 0 errors, 0 left on base; Durham 1 - Norfolk 5 |
| BOTTOM OF THE 6TH |
|
Norfolk Tides batting - Pitching for Durham Bulls : RHP Don Henley
|
|
Batting: RHB Mario Saez
|
0-0: Ball 1-0: Ball 2-0: Ball 3-0: Base on Balls
|
|
Batting: SHB Brian Bentz
|
0-0: Ball 1-0: Ball 2-0: Ball 3-0: Called Strike 3-1: Foul Ball, location: 2F 3-2: Base on Balls Mario Saez to second
|
|
Batting: RHB Sal Espinosa
|
0-0: Ball 1-0: Swinging Strike 1-1: Swinging Strike 1-2: Strikes out swinging
|
|
Batting: RHB Carlos Talavera
|
0-0: Ball 1-0: SINGLE (Groundball, 34, EV 105.0 MPH) (infield hit) Mario Saez to third Brian Bentz to second
|
|
Batting: LHB Tom Edwards
|
0-0: Called Strike 0-1: Ball 1-1: Swinging Strike 1-2: Ball 2-2: Strikes out looking
|
|
Batting: RHB Geoffrey van der Wekken
|
0-0: Called Strike 0-1: Ball 1-1: Foul Ball, location: 2F 1-2: Ball 2-2: DOUBLE (Groundball, 5L, EV 106.2 MPH) Mario Saez scores Brian Bentz scores Carlos Talavera to third
|
|
Batting: RHB Mike Hayward
|
0-0: Foul Ball, location: 2F 0-1: Foul Ball, location: 2F 0-2: Ground out 3-1 (Groundball, 34, EV 103.1 MPH)
|
| Bottom of the 6th over - 2 runs, 2 hits, 0 errors, 2 left on base; Durham 1 - Norfolk 7 |
| TOP OF THE 7TH |
|
Durham Bulls batting - Pitching for Norfolk Tides : LHP Kyohei Koyama
|
|
Batting: RHB Kevin Kush
|
0-0: Called Strike 0-1: Ball 1-1: Swinging Strike 1-2: Foul Ball, location: 2F 1-2: Fly out, F4 (Flyball, 4D, EV 92.5 MPH)
|
|
Batting: RHB Shinji Aizawa
|
0-0: Ball 1-0: Called Strike 1-1: Foul Ball, location: 2F 1-2: Strikes out looking
|
|
Batting: LHB Brian Hollinger
|
0-0: Foul Ball, location: 2F 0-1: Ball 1-1: Ball 2-1: Fly out, F8 (Flyball, 8LM, EV 88.1 MPH)
|
| Top of the 7th over - 0 runs, 0 hits, 0 errors, 0 left on base; Durham 1 - Norfolk 7 |
| BOTTOM OF THE 7TH |
|
Norfolk Tides batting - Pitching for Durham Bulls : RHP Don Henley
|
|
Batting: LHB Josh Downs
|
0-0: Ball 1-0: Foul Ball, location: 2F 1-1: Called Strike 1-2: Foul Ball, location: 2F 1-2: Strikes out swinging
|
|
Batting: RHB Tony Logan
|
0-0: Called Strike 0-1: Called Strike 0-2: Ball 1-2: Ball 2-2: Foul Ball, location: 2F 2-2: SINGLE (Groundball, 56D, EV 101.2 MPH)
|
|
Batting: RHB Mario Saez
|
0-0: Ball 1-0: Called Strike 1-1: Foul Ball, location: 2F 1-2: Ball 2-2: Ball 3-2: Grounds into double play, 6-4-3 (Groundball, 6, EV 86.2 MPH)
|
| Bottom of the 7th over - 0 runs, 1 hit, 0 errors, 0 left on base; Durham 1 - Norfolk 7 |
| TOP OF THE 8TH |
|
Durham Bulls batting - Pitching for Norfolk Tides : LHP Kyohei Koyama
|
|
Batting: LHB Danny Hull
|
0-0: Ball 1-0: Swinging Strike 1-1: Foul Ball, location: 2F 1-2: Strikes out looking
|
|
Batting: LHB Jeremy Burton
|
0-0: Ball 1-0: Foul Ball, location: 2F 1-1: Ball 2-1: Ball 3-1: Ground out 6-3 (Groundball, 6, EV 81.2 MPH)
|
|
Batting: RHB Dusty Camelli
|
0-0: Ball 1-0: Swinging Strike 1-1: SINGLE (Groundball, 34S, EV 72.5 MPH) (infield hit)
|
|
Batting: SHB Soudai Abe
|
0-0: Fielders Choice at 2nd, 6-4 (Groundball, 6, EV 78.1 MPH)
|
| Top of the 8th over - 0 runs, 1 hit, 0 errors, 1 left on base; Durham 1 - Norfolk 7 |
| BOTTOM OF THE 8TH |
|
Norfolk Tides batting - Pitching for Durham Bulls : RHP Don Henley
|
|
Batting: SHB Brian Bentz
|
0-0: Ball 1-0: Called Strike 1-1: Ground out U3 (Groundball, 23, EV 88.1 MPH)
|
|
Batting: RHB Sal Espinosa
|
0-0: Ball 1-0: Ball 2-0: Called Strike 2-1: Ball 3-1: Base on Balls
|
|
Pitching: RHP Jon Killen
|
|
|
Batting: RHB Carlos Talavera
|
0-0: Called Strike 0-1: Ball 1-1: Called Strike Sal Espinosa steals 2nd base 1-2: Fly out, F7 (Flyball, 78M, EV 95.0 MPH)
|
|
Batting: LHB Tom Edwards
|
0-0: Ground out 4-3 (Groundball, 4, EV 106.2 MPH)
|
| Bottom of the 8th over - 0 runs, 0 hits, 0 errors, 1 left on base; Durham 1 - Norfolk 7 |
| TOP OF THE 9TH |
|
Durham Bulls batting - Pitching for Norfolk Tides : LHP Kyohei Koyama
|
|
Batting: SHB Ben Pierce
|
0-0: Foul Ball, location: 2F 0-1: Ball 1-1: Ball 2-1: Foul Ball, location: 2F 2-2: Ball 3-2: Foul Ball, location: 2F 3-2: Foul Ball, location: 2F 3-2: Base on Balls
|
|
Batting: RHB Justin Stone
|
0-0: Fielders Choice at 2nd, 1-6 (Groundball, 13S, EV 65.6 MPH)
|
|
Batting: RHB Kevin Kush
|
0-0: Fly out, F9 (Flyball, 9, EV 87.5 MPH)
|
|
Batting: RHB Shinji Aizawa
|
0-0: Ball 1-0: Ground out 5-3 (Groundball, 56S, EV 70.6 MPH)
|
| Top of the 9th over - 0 runs, 0 hits, 0 errors, 1 left on base; Durham 1 - Norfolk 7 |
|